Map: 디스코 블러드배스 - 래더

Players

lIIllllIIlll (INnoVation) - Winner!

  • Race: Terran Terran
  • League: Master
  • Spawn Location: 3:00

HeroMarine

  • Race: Terran Terran
  • League: Master
  • Spawn Location: 9:00

Event: HomeStory Cup XX

VOD

Have the link to the VOD?

Description

Time

  • Played on: Nov. 21, 2019, 12:24 p.m.
  • Length: 9:07

All games in this series

Show
View Real Time Build Order
Export as new Build Order

lIIllllIIlll Terran - Winner!

Build Orders: Gas First Reaper Expand 

Get SALT Encoding   

  12  0:00  SCV  
  13  0:12  SCV  
  14  0:17  Supply Depot  
  14  0:24  SCV  
  14  0:27  Refinery  
  15  0:38  SCV  
  16  0:44  Barracks  
  16  0:50  SCV  
  17  1:03  SCV  
  18  1:15  SCV  
  19  1:31  Orbital Command, Reaper  
  20  1:50  Command Center  
  20  1:55  Factory  
  20  1:59  SCV  
  21  2:05  Reaper  
  22  2:09  Supply Depot  
  22  2:12  Refinery  
  22  2:17  SCV  
  23  2:31  SCV  
  24  2:37  Barracks Reactor  
  24  2:39  Hellion  
  24  2:43  SCV  
  27  2:49  Starport  
  27  2:55  SCV  
  28  3:01  Factory Tech Lab  
  28  3:02  Orbital Command  
  28  3:05  Refinery  
  28  3:07  SCV  
  28  3:13  Marine x2  
  28  3:19  SCV  
  31  3:27  SCV  
  31  3:31  SCV, Raven  
  31  3:32  Marine x2  
  31  3:33  Factory Tech Lab  
  37  3:38  Supply Depot  
  38  3:41  SCV  
  38  3:43  SCV  
  39  3:50  Marine x2  
  39  3:54  Siege Tank  
  39  3:55  SCV  
  45  3:56  SCV  
  45  4:01  Supply Depot  
  46  4:07  SCV  
  46  4:08  SCV  
  48  4:15  Barracks  
  48  4:17  Stimpack  
  48  4:18  Marine  
  48  4:21  SCV x2  
  48  4:22  Starport Reactor  
  51  4:25  Supply Depot  
  51  4:28  Siege Tank  
  54  4:33  SCV x2  
  54  4:35  Marine  
  57  4:41  Supply Depot  
  57  4:45  SCV x2  
  59  4:53  Marine  
  59  4:57  Medivac, SCV x2  
  59  4:58  Medivac  
  66  5:02  Marine x2  
  66  5:03  Siege Tank  
  66  5:05  Supply Depot  
  71  5:09  SCV x2  
  71  5:11  Marine  
  74  5:21  Command Center  
  74  5:23  Marine x2  
  74  5:26  SCV x2  
  74  5:28  Supply Depot  
  78  5:29  Marine  
  78  5:35  Siege Tank  
  82  5:36  Refinery, Supply Depot  
  82  5:39  Medivac  
  84  5:43  Medivac  
  84  5:49  Marine x3  
  91  5:50  SCV x2  
  91  6:03  SCV x2  
  93  6:05  Combat Shield  
  93  6:06  Barracks  
  93  6:07  Marine x3  
  93  6:11  Engineering Bay  
  96  6:13  Engineering Bay  
  96  6:16  Siege Tank  
  99  6:23  SCV x2  
  99  6:25  Marine  
  102  6:28  Supply Depot  
  102  6:33  Marine x2, Orbital Command  
  102  6:39  Terran Infantry Weapons Level 1, Terran Infantry Armor Level 1  
  104  6:43  SCV x2  
  106  6:51  Marine x3  
  106  6:52  Viking  
  111  6:55  Viking  
  111  6:59  SCV  
  111  7:00  SCV x2  
  116  7:02  Barracks Reactor  
  116  7:04  Siege Tank  
  119  7:15  Marine x3  
  102  7:17  SCV x3  
  102  7:27  Viking x2  
  102  7:29  SCV x2  
  105  7:31  Barracks  
  105  7:34  Barracks  
  105  7:36  Refinery x2  
  105  7:39  SCV  
  105  7:41  SCV x2  
  105  7:42  Siege Tank  
  111  7:44  Marine x4  
  111  7:46  Marine  
  116  7:53  Armory  
  116  7:54  SCV x3  
  116  7:58  Sensor Tower  
  119  8:02  Marine x4  
  124  8:06  Viking  
  124  8:12  Supply Depot  
  125  8:15  Supply Depot, Barracks Reactor  
  125  8:18  Barracks Reactor  
  125  8:20  Barracks Reactor  
  125  8:24  SCV  
  125  8:27  Viking, SCV  
  125  8:28  SCV  
  125  8:29  Siege Tank  
  109  8:41  Marine x4  
  103  8:49  Command Center  
  103  8:54  Supply Depot  
  103  9:01  Factory  
Show
View Real Time Build Order
Export as new Build Order

HeroMarine Terran 

Build Orders: Gas First Reaper Expand 

Get SALT Encoding   

  12  0:00  SCV  
  13  0:12  SCV  
  14  0:16  Supply Depot  
  14  0:25  SCV  
  15  0:29  Refinery  
  15  0:38  SCV  
  16  0:43  Barracks  
  16  0:50  SCV  
  17  1:02  SCV  
  18  1:14  SCV  
  19  1:31  Orbital Command, Reaper  
  20  1:44  Command Center  
  20  1:59  Factory, SCV  
  21  2:06  Barracks Reactor  
  21  2:11  SCV  
  21  2:15  Supply Depot  
  22  2:23  SCV  
  22  2:24  Refinery  
  23  2:36  SCV  
  24  2:43  Marine x2  
  24  2:44  Starport  
  26  2:48  SCV  
  26  2:49  Hellion  
  29  2:57  Orbital Command  
  29  3:00  SCV  
  29  3:04  Marine x2  
  31  3:13  SCV  
  31  3:14  Factory Tech Lab  
  32  3:22  Marine x2  
  32  3:23  SCV  
  32  3:25  SCV  
  36  3:30  Supply Depot  
  36  3:35  SCV, Raven  
  36  3:37  SCV  
  36  3:38  Widow Mine  
  36  3:40  Marine x2  
  44  3:47  SCV  
  45  3:49  SCV  
  46  3:58  Supply Depot  
  46  4:00  Factory Tech Lab, SCV  
  46  4:01  SCV  
  46  4:02  Marine x2  
  50  4:12  SCV  
  50  4:13  SCV  
  50  4:16  Command Center  
  52  4:20  Siege Tank  
  52  4:24  SCV  
  56  4:25  Supply Depot, SCV  
  57  4:32  Stimpack  
  57  4:33  Barracks  
  57  4:34  Marine  
  58  4:40  Barracks  
  58  4:41  SCV  
  58  4:42  SCV  
  58  4:44  Starport Reactor  
  60  4:52  Marine, Siege Tank  
  64  4:53  SCV  
  64  4:54  SCV  
  64  4:59  Supply Depot  
  66  5:01  Refinery  
  66  5:03  Refinery  
  66  5:06  SCV x2  
  68  5:09  Marine  
  69  5:16  Engineering Bay x2  
  69  5:18  SCV  
  69  5:21  SCV  
  71  5:22  Supply Depot  
  71  5:23  Marine x2  
  71  5:27  Marine  
  74  5:29  Starport Reactor, Siege Tank  
  74  5:30  SCV  
  74  5:33  Orbital Command, SCV  
  79  5:36  Marine x2  
  79  5:41  Marine  
  83  5:44  Terran Infantry Weapons Level 1  
  83  5:47  Terran Infantry Armor Level 1  
  82  5:53  SCV  
  82  5:55  SCV, Barracks  
  82  5:56  Marine, Barracks  
  84  5:57  Marine  
  84  6:00  Marine  
  84  6:01  Marine  
  84  6:02  Marine  
  85  6:06  Siege Tank  
  85  6:09  SCV  
  85  6:10  SCV  
  90  6:14  Marine  
  90  6:16  Marine  
  90  6:18  Marine x2  
  90  6:21  Medivac x2, Orbital Command, SCV  
  90  6:22  SCV  
  98  6:25  Marine  
  98  6:32  Marine  
  100  6:33  SCV  
  100  6:34  Barracks  
  100  6:39  Marine x3, Supply Depot, Combat Shield, SCV  
  106  6:51  Marine x2, SCV  
  106  6:52  Marine  
  101  6:56  Marine  
  101  6:58  Orbital Command  
  101  6:59  Marine x2  
  100  7:08  Marine  
  100  7:09  Marine  
  100  7:10  Marine  
  100  7:11  SCV x2  
  100  7:14  Marine  
  65  7:17  Marine x2  
  55  7:23  SCV x2  
  55  7:24  SCV  
  55  7:26  Marine x2  
  55  7:28  Marine  
  57  7:32  Marine  
  57  7:35  Marine x2, SCV x2  
  57  7:36  SCV  
  62  7:43  Starport Reactor  
  62  7:44  Marine  
  62  7:45  Siege Tank  
  62  7:47  SCV  
  62  7:48  SCV x2  
  62  7:50  Marine x2  
  72  7:53  Marine  
  72  7:56  Barracks Reactor  
  72  7:58  Marine  
  73  8:00  SCV x3  
  73  8:02  Marine  
  77  8:08  Marine x2  
  77  8:10  Marine  
  77  8:12  SCV x2  
  83  8:16  Marine, Refinery  
  83  8:19  Siege Tank  
  86  8:20  Marine  
  86  8:25  Marine  
  86  8:26  Marine  
  89  8:27  Orbital Command  
  89  8:28  Marine  
  89  8:32  Marine  
  89  8:33  Marine  
  92  8:38  Marine  
  92  8:40  Marine  
  74  8:43  Marine x2  
  74  8:46  Marine  
Tags
 
Add a new tag
Caveats
  • Supply blocks, unpowered buildings, or Contaminate may cause inaccurate times.
  • Supply counts are checked every 10 seconds.